 Dungeon Sprint DCSS version 0.29-a0-563-g64e4043184 (webtiles) character file.

Game seed: 6090240057014093420

2349 mhtbhm the Martial Artist (level 9, -1/69 HPs)
             Began as an Octopode Transmuter on June 11, 2022.
             Was an Initiate of Gozag.
             Slain by a boulder beetle (21 damage)
             ... in the Dungeon (Sprint IX: "|||||||||||||||||||||||||||||").
             The game lasted 00:01:53 (1512 turns).

mhtbhm the Martial Artist (Octopode Transmuter)     Turns: 1512, Time: 00:01:54

Health: -1/69      AC:  7    Str: 14    XL:     9   Next: 43%
Magic:  16/21      EV: 16    Int: 15    God:    Gozag
Gold:   756        SH:  0    Dex: 15    Spells: 14/24 levels left

rFire   x . .      SeeInvis .     - Unarmed
rCold   + + +      Faith    .   (shield currently unavailable)
rNeg    . . .      Spirit   .   (helmet currently unavailable)
rPois   +          Reflect  .   (no amulet)
rElec   .          Harm     .   i - +2 ring of evasion
rCorr   .          Rampage  .   j - +3 ring of strength
Will    .....      NoTele   +   (no ring)
Stlth   +++.......              (no ring)
HPRegen 0.21/turn               (no ring)
MPRegen 0.17/turn               (no ring)
                                (no ring)
                                (no ring)

@: ice-form, wereblooded
A: freezing attack, boosted hp, almost no armour, amphibious, 8 rings, large,
(camouflage 1), (gelatinous body 1), (nimble swimmer 1), (tentacles)
a: End Transformation, Renounce Religion, Potion Petition, Call Merchant, Bribe
Branch


You were in the Dungeon.
You worshipped Gozag.
Gozag was pleased with you.
You were a creature of crystalline ice.
You visited 1 branch You collected 756 gold pieces.

Inventory:

Jewellery
 i - a +2 ring of evasion (left front paw)
 j - a +3 ring of strength (right front paw)
Wands
 h - a wand of iceblast (2)
Scrolls
 f - 2 scrolls of amnesia
 g - a scroll of blinking
Potions
 a - a potion of invisibility
 c - 2 potions of curing
 e - 4 potions of magic


   Skills:
 + Level 3.9 Fighting
 + Level 9.3 Dodging
 + Level 6.7 Stealth
 + Level 13.2 Unarmed Combat
 + Level 8.3 Spellcasting
 + Level 8.3 Transmutations
 + Level 3.4 Ice Magic
 + Level 3.2 Evocations


You had 14 spell levels left.
You knew the following spells:

 Your Spells              Type           Power      Damage    Failure   Level
a - Beastly Appendage     Tmut           62%        N/A       1%          1
b - Wereblood             Tmut           31%        N/A       1%          2
c - Spider Form           Tmut/Pois      18%        N/A       6%          3
d - Ice Form              Ice/Tmut       23%        N/A       11%         4

Your spell library contained the following spells:

 Spells                   Type           Power      Damage    Failure   Level


Dungeon Overview and Level Annotations

Branches:
Dungeon (1/1)

Altars:
Cheibriados
Dithmenos
Elyvilon
Fedhas
Gozag
Hepliaklqana
Kikubaaqudgha
Makhleb
Nemelex Xobeh
Okawaru
Qazlal
Ru
Sif Muna
Trog
Uskayaw
Vehumet
Wu Jian
Xom
Yredelemnul
Zin
The Shining One
Beogh
Jiyva
Lugonu


Innate Abilities, Weirdness & Mutations

You are a creature of crystalline ice.
You have a powerful freezing melee attack.
Your maximum health is increased.
Your armour is entirely melded.
You are incapable of wielding weapons or throwing items.
You cannot wear most types of armour.
You are amphibious.
You can wear up to eight rings at the same time.
((Your skin changes colour to match your surroundings (Stealth+).))
((Your rubbery body absorbs attacks. (AC +1, EV +1)))
((You are camouflaged when in or above water. (Stealth+)))
((You have tentacles for arms and can constrict up to eight enemies at once.))


Message History

The boulder beetle is lightly wounded.
The boulder beetle bites you.
You hit the boulder beetle but do no damage.
The boulder beetle is lightly wounded.
The boulder beetle bites you!
You hit the boulder beetle but do no damage.
The boulder beetle is lightly wounded.
You completely miss the boulder beetle.
The boulder beetle is lightly wounded.
The boulder beetle waves its antennae.
The boulder beetle completely misses you.
The gnoll sergeant shouts!
You punch the boulder beetle! You freeze the boulder beetle.
The boulder beetle is moderately wounded.
The boulder beetle bites you!
You are too injured to fight recklessly!
You are too injured to fight recklessly!
You are too injured to fight recklessly!
You are too injured to fight recklessly!
You are too injured to fight recklessly!
You are too injured to fight recklessly!
You are too injured to fight recklessly!
You are too injured to fight recklessly!
You are too injured to fight recklessly!
You are too injured to fight recklessly!
You are too injured to fight recklessly!
You are too injured to fight recklessly!
You are too injured to fight recklessly!
You are too injured to fight recklessly!
You are too injured to fight recklessly!
You are too injured to fight recklessly!
You are too injured to fight recklessly!
You are too injured to fight recklessly!
You are too injured to fight recklessly!
You are too injured to fight recklessly!
You feel better. The boulder beetle bites you!!
* * * LOW HITPOINT WARNING * * *
You feel better. The boulder beetle bites you!!
You die...
Your body crumbles into a pile of gold. $ $$$$$$$$$$$$ $$$$$$$$$$$$$ $ ▓▓▓▓▓▓▓▓▓▓▓▓▓▓▓▓▓▓▓▓▓▓▓▓▓▓▓▓▓▓▓▓▓ '___________g__BY________'....)'. ▓▓▓▓▓▓▓▓▓▓▓▓▓▓▓▓▓▓▓▓▓▓▓▓▓▓▓▓▓▓▓▓▓

You could see a boulder beetle and a gnoll sergeant.

Vanquished Creatures
  2 two-headed ogres (D)
  A deep elf pyromancer (D)
  An unseen horror (D)
  2 yaks (D)
  An ogre (D)
  A scorpion (D)
  A howler monkey (D)
  A jelly (D)
  A dart slug (D)
  2 orcs (D)
  An endoplasm (D)
  A hobgoblin (D)
  A ball python (D)
  A kobold (D)
17 creatures vanquished.

Notes
Turn   | Place    | Note
-------+----------+-------------------------------------------
     0 | D        | mhtbhm the Octopode Transmuter began the quest for the Orb.
     0 | D        | Reached XP level 1. HP: 13/13 MP: 3/3
    18 | D        | Reached XP level 2. HP: 10/18 MP: 3/5
   144 | D        | Learned a level 2 spell: Wereblood
   146 | D        | Noticed an ogre
   146 | D        | Noticed a scorpion
   154 | D        | Killed a scorpion
   155 | D        | Reached skill level 1 in Stealth
   155 | D        | Reached skill level 5 in Unarmed Combat
   155 | D        | Reached XP level 3. HP: 12/23 MP: 4/8
   155 | D        | Reached XP level 4. HP: 15/28 MP: 4/9
   160 | D        | Reached skill level 6 in Unarmed Combat
   163 | D        | Killed an ogre
   164 | D        | Reached skill level 7 in Unarmed Combat
   164 | D        | Reached XP level 5. HP: 27/33 MP: 4/11
   212 | D        | Found a snail-covered altar of Cheibriados.
   212 | D        | Found a shadowy altar of Dithmenos.
   212 | D        | Found a white marble altar of Elyvilon.
   212 | D        | Found a blossoming altar of Fedhas.
   212 | D        | Found an opulent altar of Gozag.
   213 | D        | Found a hazy altar of Hepliaklqana.
   214 | D        | Found a viscous altar of Jiyva.
   215 | D        | Found an ancient bone altar of Kikubaaqudgha.
   216 | D        | Found a corrupted altar of Lugonu.
   217 | D        | Found a burning altar of Makhleb.
   218 | D        | Found a sparkling altar of Nemelex Xobeh.
   219 | D        | Found an iron altar of Okawaru.
   220 | D        | Found a stormy altar of Qazlal.
   221 | D        | Found a sacrificial altar of Ru.
   222 | D        | Found a shimmering blue altar of Sif Muna.
   223 | D        | Found a bloodstained altar of Trog.
   228 | D        | Became a worshipper of Gozag Ym Sagoz the Greedy
   233 | D        | Found a hide-covered altar of Uskayaw.
   234 | D        | Found a radiant altar of Vehumet.
   235 | D        | Found an ornate altar of the Wu Jian Council.
   236 | D        | Found a shimmering altar of Xom.
   237 | D        | Found a basalt altar of Yredelemnul.
   238 | D        | Found a glowing silver altar of Zin.
   239 | D        | Found a glowing golden altar of the Shining One.
   459 | D        | Learned a level 3 spell: Spider Form
   464 | D        | Learned a level 4 spell: Ice Form
   865 | D        | Noticed a two-headed ogre
   865 | D        | Noticed a two-headed ogre
   865 | D        | Noticed a yak
   865 | D        | Noticed a yak
   876 | D        | Killed an unseen horror
   877 | D        | Reached skill level 9 in Unarmed Combat
   877 | D        | Reached skill level 5 in Transmutations
   877 | D        | Reached skill level 1 in Ice Magic
   877 | D        | Reached XP level 6. HP: 30/41 MP: 8/15
   877 | D        | Reached XP level 7. HP: 34/45 MP: 8/16
   880 | D        | Killed a yak
   881 | D        | Reached skill level 10 in Unarmed Combat
   884 | D        | Killed a yak
   885 | D        | Reached skill level 5 in Stealth
   897 | D        | Killed a two-headed ogre
   898 | D        | Reached skill level 11 in Unarmed Combat
   898 | D        | Reached skill level 1 in Evocations
   898 | D        | Reached XP level 8. HP: 22/52 MP: 11/19
   903 | D        | Killed a two-headed ogre
   904 | D        | Reached skill level 12 in Unarmed Combat
   904 | D        | Reached XP level 9. HP: 25/57 MP: 12/21
  1103 | D        | Noticed a hornet
  1103 | D        | Noticed a white ugly thing
  1103 | D        | Noticed a brown ugly thing
  1103 | D        | Noticed a deep elf pyromancer
  1103 | D        | Noticed a boulder beetle
  1112 | D        | Killed a deep elf pyromancer
  1112 | D        | Noticed a troll
  1112 | D        | a hornet changed into a troll
  1113 | D        | Reached skill level 13 in Unarmed Combat
  1512 | D        | Slain by a boulder beetle

Illustrated notes

Levels and vault maps discovered:
D:        linesprint [early_d, line_temple, items_1, d_10, items_2, lair_1,
          lair_end, items_3, orc_1, orc_end, items_4, d_15, swamp_1, shoals_1,
          snake_1, spider_1, d_20, vaults_1, items_5, swamp_end, shoals_end,
          snake_end, spider_end, vaults_end, d_27, items_6, zot_1, zot_end,
          crypt_end, forest_end, elf_end, slime_end, tomb_end, abyss_end,
          pan_hell_end]

Skill      XL: |  1  2  3  4  5  6  7  8  9 |
---------------+----------------------------+-----
Dodging        | 3 4 6 8 9 |  9.3
Stealth        | 1 2 4 5 6 |  6.7
Unarmed Combat | 5 7 9 11 12 13 | 13.2
Spellcasting   | 3 4 6 7 8 |  8.3
Transmutations | 3 4 5 7 8 |  8.3
Fighting       | 2 3 |  3.9
Ice Magic      | 1 2 3 |  3.4
Evocations     | 1 2 3 |  3.2

Action                   |  1- 3 |  4- 6 |  7- 9 || total
-------------------------+-------+-------+-------++-------
Melee: Unarmed           |    16 |    16 |    22 ||    54
       Kick              |     6 |       |       ||     6
       Tentacles         |     5 |       |       ||     5
       Constrict         |     4 |       |       ||     4
 Cast: Beastly Appendage |     2 |       |       ||     2
       Wereblood         |     1 |     1 |     2 ||     4
       Ice Form          |       |     1 |     2 ||     3
Evoke: Wand              |       |       |     8 ||     8
  Use: Potion            |     2 |     5 |     2 ||     9
       Scroll            |       |       |     1 ||     1
 Stab: Sleeping          |     1 |       |       ||     1
Armor: Skin              |       |    11 |     1 ||    12
Dodge: Dodged            |     6 |     2 |     4 ||    12

Table legend: (Time is in decaauts)
 A = Elapsed time spent in this place.
 B = Non-inter-level travel time spent in this place.
 C = Inter-level travel time spent in this place.
 D = Time resting spent in this place.
 E = Time spent auto-exploring this place.
 F = Levels seen in this place.
 G = Mean time per level.
                   A        B        C        D        E       F      G
               +--------+--------+--------+--------+--------+-----+--------+
         Total |   1498 |   1498 |      0 |   1069 |    202 |   1 | 1498.0 |
       Dungeon |   1498 |   1498 |      0 |   1069 |    202 |   1 | 1498.0 |
               +--------+--------+--------+--------+--------+-----+--------+

Top non-repeatable levels by time:
       D: 1498 daAuts
